 Dungeon Crawl Stone Soup version 0.31.0-9-g3a7656b989 (webtiles) character file.

Game seed: 4626896223598909510

143 qw the Shooter (level 5, -1/26 HPs)
             Began as a Spriggan Hunter on Feb 2, 2024.
             Slain by an orc
             ... wielding a +0 war axe
              (8 damage)
             ... on level 3 of the Dungeon.
             The game lasted 00:00:07 (1557 turns).

qw the Shooter (Spriggan Hunter)                    Turns: 1557, Time: 00:00:07

Health: -1/26      AC:  2    Str:  7    XL:     5   Next: 4%
Magic:  6/6        EV: 25    Int: 10    God:
Gold:   152        SH:  0    Dex: 21    Spells: 4/4 levels left

rFire   + . .        a - +0 shortbow
rCold   . . .        (shield currently unavailable)
rNeg    . . .        c - +0 robe
rPois   .            (helmet restricted)
rElec   .            (no cloak)
rCorr   .            (gloves unavailable)
SInv    +            (boots unavailable)
Will    .....        g - amulet of faith
Stlth   ++           f - +5 ring of evasion
HPRegen 0.24/turn    i - ring of protection from fire
MPRegen 0.10/turn

%: faith
@: very quick
A: very small, no large weapons, unfitting armour, see invisible, speed 3
a: no special abilities


You were on level 3 of the Dungeon.
You visited 1 branch of the dungeon, and saw 3 of its levels.

You collected 152 gold pieces.


Innate Abilities, Weirdness & Mutations

You are very small and have problems with some larger weapons.
You are too small for most types of armour.
You have supernaturally acute eyesight. (SInv)
You cover ground extremely quickly. (Speed+++)


   Skills:
 - Level 2.3 Fighting
 + Level 5.0 Ranged Weapons
 - Level 5.0 Dodging
 - Level 1.5 Stealth


You had 4 spell levels left.
You didn't know any spells.
Your spell library was empty.

Inventory:

Hand Weapons
 a - a +0 shortbow (weapon)
Armour
 c - a +0 robe (worn)
Jewellery
 f - a +5 ring of evasion (left hand)
 g - an amulet of faith (around neck)
 i - a ring of protection from fire (right hand)
 n - an amulet of reflection
Scrolls
 h - a scroll of poison {unknown}
Potions
 b - a potion of degeneration {unknown}
 d - a potion of brilliance {unknown}
 j - a potion of mutation {unknown}
 k - a potion of invisibility {unknown}
 l - a potion of magic {unknown}
 m - a potion of haste {unknown}
 o - a potion of resistance {unknown}

Dungeon Overview and Level Annotations

Branches:
Dungeon (3/15)

Altars:
Vehumet
The Shining One

Shops:
D:1 =


Message History

The arrow hits the orc but does no damage.
You shoot an arrow.
The arrow hits the orc but does no damage.
The orc completely misses you.
The orc priest invokes the aid of Beogh against you.
Beogh smites you!
Ouch! That really hurt!
1550 ||| READING scroll of teleportation.
As you read the scroll of teleportation, it crumbles to dust.
You feel strangely unstable. The orc barely misses you.
The orc closely misses you.
You shoot an arrow. The arrow hits the orc.
The orc is lightly wounded.
The orc hits you with a +0 dagger. The orc completely misses you.
You shoot an arrow.
The arrow hits the orc but does no damage.
The orc is lightly wounded.
The orc misses you. The orc closely misses you. The orc misses you.
You shoot an arrow.
The arrow hits the orc priest but does no damage.
Your surroundings seem slightly different.
The orc completely misses you.
You shoot an arrow.
The arrow hits the orc but does no damage.
The orc completely misses you. The orc closely misses you.
You shoot an arrow. The arrow hits the orc.
The orc is moderately wounded.
The orc closely misses you. The orc completely misses you.
The orc priest calls upon Beogh to heal the orc.
The orc's wounds heal themselves!
You shoot an arrow. The arrow completely misses the orc.
The arrow hits the orc priest.
The orc priest is lightly wounded.
The orc barely misses you.
You shoot an arrow. The arrow hits the orc.
The orc is moderately wounded.
The orc completely misses you.
The orc priest calls upon Beogh to heal the orc.
The orc's wounds heal themselves!
The orc hits you with a +0 war axe!
You die...

#...# ##...........#
#...# #.)....#.###.#
##...####.##...#.###.#
.........##(.........
#........###).##.##.#
##.#......###....########
................#........
#.#>..oo.###.###.~~~~~~~
# #..oo@.# #.# #¤..¤¤~..
.......##.# #.# #~.~...~.
#.####. #.# #.# #¤.~._.~.
#) #.###.###¤¤~...~. ..
..##... #¤¤.¤~~¤. ..
####..###.~¤¤¤¤¤~ ...
#...##%....... ...
#.#.#.########
...#####.#.#..#####


You could see an orc priest and 3 orcs.

Vanquished Creatures
  A crimson imp (D:3)
  An orc wizard (D:3)
  An adder (D:2)
  3 ribbon worms (D:2)
  A dart slug (D:1)
  5 orcs (D:3)
  5 endoplasms
  A giant cockroach (D:2)
  2 goblins
  8 hobgoblins
  7 jackals
  6 kobolds
  A quokka (D:1)
  3 ball pythons (D:1)
  2 bats (D:1)
  2 frilled lizards (D:3)
  2 goblin skeletons (D:3)
  A hobgoblin zombie (D:3)
  A kobold skeleton (D:3)
  2 kobold zombies (D:3)
  2 orc skeletons (D:3)
  2 orc zombies (D:3)
  2 rats
61 creatures vanquished.

Notes
Turn   | Place    | Note
-------+----------+-------------------------------------------
     0 | D:1      | qw the Spriggan Hunter began the quest for the Orb.
     0 | D:1      | Reached XP level 1. HP: 10/10 MP: 2/2
     0 | D:1      | 0 ||| qw: Version: 0.3-a-155-g5e7d8dd
     0 | D:1      | 0 ||| qw: Game counter: 2752
     0 | D:1      | 0 ||| qw: Melee chars always use a shield: true
     0 | D:1      | 0 ||| qw: God list: Okawaru
     0 | D:1      | 0 ||| qw: Allow faded altars: false
     0 | D:1      | 0 ||| qw: Do Orc after clearing Dungeon:15 true
     0 | D:1      | 0 ||| qw: Do second Lair branch before Depths: true
     0 | D:1      | 0 ||| qw: Lair rune preference: random
     0 | D:1      | 0 ||| qw: Goals: Normal
     0 | D:1      | 0 ||| PLANNING D:1-11
    34 | D:1      | Found Agelurhinu's Jewellery Shop.
    44 | D:1      | Reached skill level 3 in Dodging
    62 | D:1      | 62 ||| SHOPLISTING +6 ring of strength (360 gold, have 0).
    62 | D:1      | 62 ||| SHOPLISTING amulet of faith (400 gold, have 0).
    62 | D:1      | 62 ||| SHOPLISTING amulet of guardian spirit (300 gold,
                  | have 0).
    62 | D:1      | 62 ||| SHOPLISTING ring of protection from fire (250 gold,
                  | have 0).
    62 | D:1      | 62 ||| SHOPLISTING ring of willpower (250 gold, have 0).
    94 | D:1      | Reached XP level 2. HP: 14/14 MP: 3/3
   382 | D:1      | Found a faded altar of an unknown god.
   721 | D:1      | 721 ||| UPGRADING to amulet of faith.
   726 | D:1      | 726 ||| UPGRADING to +5 ring of evasion.
   727 | D:1      | 727 ||| UPGRADING to ring of protection from fire.
   728 | D:1      | 728 ||| READING scroll labelled NOIH ZIROITIRGH.
   731 | D:1      | 731 ||| READING scroll labelled OHOPNUSUXE.
   732 | D:1      | 732 ||| DRINKING 2 fuming pink potions.
   733 | D:1      | 733 ||| DROPPING scroll of butterflies.
   734 | D:1      | 734 ||| DROPPING potion of attraction.
   753 | D:2      | Reached XP level 3. HP: 18/18 MP: 4/4
  1210 | D:2      | 1210 ||| READING scroll labelled ECEPYI AWYNY.
  1239 | D:3      | Found a radiant altar of Vehumet.
  1281 | D:3      | Found a glowing golden altar of the Shining One.
  1296 | D:3      | Reached XP level 4. HP: 22/22 MP: 5/5
  1494 | D:3      | 1494 ||| FLEEEEING.
  1495 | D:3      | 1495 ||| FLEEEEING.
  1496 | D:3      | 1496 ||| FLEEEEING.
  1497 | D:3      | 1497 ||| FLEEEEING.
  1498 | D:3      | 1498 ||| FLEEEEING.
  1500 | D:3      | 1500 ||| FLEEEEING.
  1501 | D:3      | 1501 ||| FLEEEEING.
  1502 | D:3      | 1502 ||| FLEEEEING.
  1515 | D:3      | Reached XP level 5. HP: 22/26 MP: 6/6
  1549 | D:3      | HP: 6/26 [orc priest/divine providence (13)]
  1550 | D:3      | 1550 ||| READING scroll of teleportation.
  1557 | D:3      | Slain by an orc

Levels and vault maps discovered:
D:1:      mrwooster_arrival_statue_3, layout_loops_ring,
          shapermc_ecumenical_altar_pompeii, serial_shops, shop
D:2:      layout_rooms
D:3:      layout_loops_cross, nicolae_tso_besieged_by_evil,
          mainiacjoe_overflow_paths, minmay_fractal_squares_5, uniq_sigmund

Skill      XL: |  1  2  3  4 |
---------------+-------------+-----
Dodging        | 3 4 5 |  5.0
Ranged Weapons | 5 |  5.0
Fighting       | 2 |  2.3
Stealth        | |  1.5

Action                     |  1- 3 |  4- 6 || total
---------------------------+-------+-------++-------
   Fire: Shortbow          |   133 |    47 ||   180
    Use: Scroll            |     3 |     1 ||     4
         Potion            |     1 |       ||     1
 Armour: Robe              |     7 |     5 ||    12
  Dodge: Dodged            |    39 |    17 ||    56

Table legend:
 A = Non-vault XP
 B = Vault XP
 C = Vault XP percentage of total XP
 D = Non-vault monster count
 E = Vault monster count
 F = Vault count percentage of total count
                 A         B        C        D         E       F
            +---------+---------+-------+---------+---------+-------
      Total |     145 |      60 |  29.3 |      49 |      12 |  19.7
            +---------+---------+-------+---------+---------+-------
        D:1 |      37 |       0 |   0.0 |      21 |       0 |   0.0
        D:2 |      43 |       0 |   0.0 |      13 |       0 |   0.0
        D:3 |      65 |      60 |  48.0 |      15 |      12 |  44.4
            +---------+---------+-------+---------+---------+-------
